 Dungeon Crawl Stone Soup version 0.20-a0-492-g6327889 (webtiles) character file.

55 Asddderdsw the Skirmisher (level 3, 0/57 HPs)
             Began as a Draconian Wanderer on Jan 16, 2017.
             Slain by ghowell's ghost (4 damage)
             ... on level 3 of the Dungeon.
             The game lasted 00:13:08 (1954 turns).

Asddderdsw the Skirmisher (Draconian Wanderer)      Turns: 1954, Time: 00:13:09

Health: 0/57       AC: 21    Str: 12 (15) XL:     3   Next: 67%
Magic:  3/3        EV:  2    Int: 10 (12) God:
Gold:   113        SH:  0    Dex:  7 (10) Spells: 2/2 levels left

rFire    . . .     SeeInvis .   b - +0 mace
rCold    . . .     Gourm    +   (armour unavailable)
rNeg     + + +     Faith    .   (no shield)
rPois    +         Spirit   .   (helmet currently unavailable)
rElec    .         Reflect  .   (cloak currently unavailable)
rCorr    .         Harm     .   (gloves currently unavailable)
MR       .....     NoTele   +   (boots currently unavailable)
Stlth    ++........             c - amulet of the gourmand
Regen    0.1/turn               (no ring)
                                (no ring)

@: tree-form
A: unfitting armour, (cold resistance 0), sense surroundings 1, no potion heal
1, (cold-blooded), AC +5
a: no special abilities


You were on level 3 of the Dungeon.
You were very full.
You were a tree.
You visited 1 branch of the dungeon, and saw 3 of its levels.

You collected 113 gold pieces.

Inventory:

Hand Weapons
 b - a +0 mace (weapon)
 d - a +0 dagger
 k - a +0 hunting sling
Missiles
 a - 2 throwing nets (quivered)
 e - 46 stones
 l - 20 sling bullets
Jewellery
 c - an amulet of the gourmand (around neck)
Scrolls
 h - 2 scrolls of enchant armour {unknown}
 i - a scroll of noise {unknown}
 n - 3 scrolls of identify {unknown}
 q - 2 scrolls of teleportation
 s - a scroll of enchant weapon {unknown}
 t - a scroll of magic mapping {unknown}
 u - a scroll of remove curse {unknown}
Comestibles
 f - 2 bread rations
 g - a beef jerky
 j - a meat ration
 p - 2 chunks of flesh


   Skills:
 + Level 6.5 Fighting
 + Level 1.4 Maces & Flails
 + Level 1.2 Dodging
 + Level 2.0 Stealth
   Level 1.0 Evocations


You had 2 spell levels left.
You didn't know any spells.

Dungeon Overview and Level Annotations

Branches:
Dungeon (3/15)

Altars:
Dithmenos
Elyvilon
The Shining One

Annotations:
D:3 ghowell's ghost, amateur BaSk


Innate Abilities, Weirdness & Mutations

((Your plain brown scales are hard. (AC +5)))
You cannot fit into any form of body armour.
((You are cold-blooded and may be slowed by cold attacks.))
((Your flesh is cold resistant. (rC+)))
You passively map a small area around you.
Potions are less effective at restoring your health.


Message History

Ghowell's ghost is severely damaged.
Ghowell's ghost hits you.
* * * LOW HITPOINT WARNING * * *
Press: ? - help, v - describe, . - travel
Here: ghowell's ghost (severely damaged)
The floor.
It was a potion of degeneration.
There was something very wrong with that liquid.
You feel weakened.
You feel dopey.
You feel clumsy.
Ghowell's ghost shrieks, "You will join me soon!"
Ghowell's ghost hits you but does no damage.
It was a potion of mutation.
You feel extremely strange.
You feel a strange attunement to the structure of the dungeons.
You feel resistant to cold.
Your system partially rejects the healing effects of potions.
Ghowell's ghost hits you but does no damage.
Sorry, you're not good enough to have a special ability.
You turn into a tree.
Your roots penetrate the ground.
Ghowell's ghost hits you.
You die...

, #?# , * * * #.# ,
,#.. , * ** * #.#* **
, ,... ,, ,, * , ,
#.# ** * , , #W# #♣#
#.#
*#.################
#.................
#.##..............)..
#....................
#.##.###############.
# *#<# #. ### ##


You could see ghowell's ghost.

Vanquished Creatures
  An adder (D:2)
  3 dart slugs
  2 leopard geckos (D:2)
  A bat (D:2)
  A giant cockroach (D:1)
  6 goblins
  7 hobgoblins
  A ball python (D:1)
  5 kobolds
  12 rats
39 creatures vanquished.

Notes
Turn   | Place    | Note
-------+----------+-------------------------------------------
     0 | D:1      | Asddderdsw the Draconian Wanderer began the quest for the Orb.
     0 | D:1      | Asddderdsw set off with: 2 throwing nets, a +0 mace, a potion of lignification, a +0 dagger, a bread ration
     0 | D:1      | Reached XP level 1. HP: 23/23 MP: 1/1
   300 | D:1      | Reached XP level 2. HP: 24/30 MP: 2/2
   370 | D:1      | Reached skill level 6 in Fighting
  1118 | D:2      | Reached XP level 3. HP: 20/38 MP: 3/3
  1372 | D:2      | Found a shadowy altar of Dithmenos.
  1505 | D:2      | Found a glowing golden altar of the Shining One.
  1506 | D:2      | Found a white marble altar of Elyvilon.
  1935 | D:3      | Noticed ghowell's ghost (amateur BaSk)
  1953 | D:3      | Gained mutation: You passively map a small area around you. [potion of mutation]
  1953 | D:3      | Gained mutation: Your flesh is cold resistant. (rC+) [potion of mutation]
  1953 | D:3      | Gained mutation: Potions are less effective at restoring your health. [potion of mutation]
  1954 | D:3      | Slain by ghowell's ghost

Vault maps used:
D:1:      minmay_arrival_stair_chambers, minmay_rat_gold_closets
D:2:      overflow_temple_1_default, minitemple
D:3:      chequers_temple_overflow_minitemple

Skill      XL: |  1  2  3 |
---------------+----------+-----
Fighting       | 6 |  6.5
Stealth        | 2 |  2.0
Maces & Flails | |  1.4
Dodging        | |  1.2
Evocations     | |  1.0

Action                   || total
-------------------------++-------
Melee: Mace              ||   118
       Tailslap          ||    14
  Use: Potion            ||     5
       Scroll            ||     2
 Stab: Sleeping          ||     3
  Eat: Chunk             ||    15
Armor: Skin              ||    51
Dodge: Dodged            ||    87
